 Dungeon Crawl Stone Soup version 0.30.0-11-gf55b779eaf (webtiles) character file.

Game seed: 3749934909313080996

9 shadowrider38 the Digger (level 2, 19/19 HPs)
             Began as a Demonspawn Earth Elementalist on May 17, 2023.
             Quit the game on level 1 of the Dungeon.
             The game lasted 00:00:32 (225 turns).

shadowrider38 the Digger (DsEE)                      Turns: 225, Time: 00:00:33

Health: 19/19      AC:  2    Str:  8    XL:     2   Next: 3%
Magic:  5/5        EV: 12    Int: 16    God:
Gold:   23         SH:  0    Dex: 13    Spells: 4/5 levels left

rFire   . . .        (no weapon)
rCold   . . .        (no shield)
rNeg    . . .        a - +0 robe
rPois   .            (no helmet)
rElec   .            (no cloak)
rCorr   .            (no gloves)
SInv    .            (no boots)
Will    .....        (no amulet)
Stlth   ++           (no ring)
HPRegen 0.23/turn    (no ring)
MPRegen 0.09/turn

%: no passive effects
@: no status effects
A: ignite blood 1
a: no special abilities


You were on level 1 of the Dungeon.
You visited 1 branch of the dungeon, and saw 1 of its levels.

You collected 23 gold pieces.

Inventory:

Armour
 a - a +0 robe (worn)
Potions
 b - a potion of magic


   Skills:
 - Level 1.7 Dodging
 - Level 1.7 Stealth
 + Level 2.3 Spellcasting
 - Level 0.8 Transmutations
 + Level 3.0 Earth Magic


You had 4 spell levels left.
You knew the following spells:

 Your Spells              Type           Power      Damage    Failure   Level
a - Sandblast             Erth           22%        2d7       6%          1

Your spell library contained the following spells:

 Spells                   Type           Power      Damage    Failure   Level
 Passwall                 Tmut/Erth      6%         N/A       14%         2
 Stone Arrow              Conj/Erth      12%        3d7       32%         3
 Petrify                  Tmut/Erth      8%         N/A       65%         4


Dungeon Overview and Level Annotations

Branches:
Dungeon (1/15)

Altars:


Innate Abilities, Weirdness & Mutations

Your demonic aura sometimes causes spilled blood to erupt in flames.


Message History

You hit the giant cockroach but do no damage.
The giant cockroach closely misses you.
You hit the giant cockroach.
The giant cockroach is moderately wounded.
The giant cockroach barely misses you.
You hit the giant cockroach.
The giant cockroach is heavily wounded.
The giant cockroach barely misses you.
Aiming: Sandblast (safe; 6% risk of failure)
Press: ? - help, Q - select action, (/) - cycle Shift-Dir - straight line, f/p - giant cockroach
Aim: a giant cockroach (heavily wounded, 82% to hit)
The blast of sand hits the giant cockroach.
You kill the giant cockroach!
You hit the rat.
The rat is heavily wounded.
The rat barely misses you.
You barely miss the rat.
The rat is heavily wounded.
The rat bites you.
You closely miss the rat.
The rat is heavily wounded.
The rat completely misses you.
You hit the rat but do no damage.
The rat is heavily wounded.
The rat bites you but does no damage.
You hit the rat.
You kill the rat!
No target in view!
Things that are here:
a rat corpse; a giant cockroach corpse You start resting.
HP restored.
Magic restored.
A dart slug comes into view.
The dart slug launches a dart at you. The slug dart misses you.
The dart slug launches a dart at you. The slug dart hits you.
A dart slug is nearby!
Aiming: Sandblast (safe; 6% risk of failure)
Press: ? - help, Q - select action, (/) - cycle Shift-Dir - straight line, f - dart slug
Aim: a dart slug (100% to hit)
The blast of sand hits the dart slug!
You kill the dart slug!
Your Earth Magic skill increases to level 3!
You have reached level 2!
Your demonic ancestry asserts itself...
Your blood heats up.
You start resting.
Magic restored.
Are you sure you want to abandon this character and quit the game? (Confirm with "yes".)

#....# #....# #....#
....#######
######†####...........
#......................
#.#####....###.........
####.###.........
#..##.........
#.............
#....@#..†.###
#...#.#....#
#...#.#....#
#####....### ###..# ..#
... .##


There were no monsters in sight!

Vanquished Creatures
  A dart slug (D:1)
  An endoplasm (D:1)
  A giant cockroach (D:1)
  A goblin (D:1)
  A bat (D:1)
  2 rats (D:1)
7 creatures vanquished.

Notes
Turn   | Place    | Note
-------+----------+-------------------------------------------
     0 | D:1      | shadowrider38 the Demonspawn Earth Elementalist began the
                  | quest for the Orb.
     0 | D:1      | Reached XP level 1. HP: 13/13 MP: 3/3
   204 | D:1      | Reached skill level 3 in Earth Magic
   204 | D:1      | Gained mutation: Your demonic aura sometimes causes spilled
                  | blood to erupt in flames. [demonic ancestry]
   204 | D:1      | Reached XP level 2. HP: 18/19 MP: 3/5
   225 | D:1      | Quit the game

Illustrated notes

Levels and vault maps discovered:
D:1:      lightli_arrival_statue_moat, layout_basic, roderic_roman_lattice

Skill      XL: |  1 |
---------------+----+-----
Earth Magic    | 3 |  3.0
Dodging        | |  1.7
Stealth        | |  1.7
Spellcasting   | |  2.3
Transmutations | |  0.8

Action                     || total
---------------------------++-------
  Melee: Unarmed           ||    13
   Cast: Sandblast         ||    10
 Armour: Robe              ||     2
  Dodge: Dodged            ||    11
